 Dungeon Sprint DCSS version 0.17-a0-1248-g117de50 (webtiles) character file.

4503 Kidiri the Unseen (level 10, -17/85 HPs)
             Began as a Spriggan Assassin on June 5, 2015.
             Was a High Priest of Dithmenos.
             Killed from afar by a molten gargoyle (30 damage)
             ... with a bolt of magma
             ... in the Dungeon (Sprint VII: "The Pits").
             The game lasted 00:10:23 (1915 turns).

Kidiri the Unseen (Spriggan Assassin)               Turns: 1915, Time: 00:10:23

Health: -17/85     AC:  3    Str: 12    XL:     10   Next: 16%
Magic:  15/15      EV: 38    Int: 14    God:    Dithmenos [*****.]
Gold:   0          SH:  0    Dex: 20    Spells: 0 memorised, 9 levels left

rFire  . . .     SeeInvis +     a - +3 dagger (venom)
rCold  . . .     Clarity  .     c - +0 robe
rNeg   . . .     SustAt   .     (shield restricted)
rPois  .         Gourm    .     (helmet restricted)
rElec  .         Spirit   .     d - +0 cloak
rCorr  .         Warding  .     (gloves unavailable)
rMut   .         NoTele   +     (boots unavailable)
MR     +....                    (no amulet)
Stlth  ..........               t - +3 ring of evasion
                                s - +3 ring of evasion

@: berserking, wreathed by umbra, very quick, somewhat resistant to hostile
enchantments, extremely unstealthy
A: unfitting armour, see invisible, herbivore 3, speed 3, slow metabolism 2
a: Shadow Step, Shadow Form, Renounce Religion


You were in the Dungeon.
You worshipped Dithmenos.
Dithmenos was extremely pleased with you.
You were not hungry.

You visited 1 branch

Inventory:

Hand weapons
 a - a +3 dagger of venom (weapon)
 b - a +0 blowgun
Missiles
 e - 7 poisoned needles
Armour
 c - a +0 robe (worn)
 d - a +0 cloak (worn)
 v - a steam dragon hide
Jewellery
 s - a +3 ring of evasion (left hand)
 t - a +3 ring of evasion (right hand)
Scrolls
 m - a scroll of blinking
 p - 3 scrolls of remove curse
 q - 5 scrolls of amnesia
 r - a scroll of summoning
Potions
 h - 7 potions of curing
 i - 10 potions of heal wounds
 j - a potion of haste
 k - 4 potions of magic
 l - 3 potions of berserk rage
 o - 2 potions of invisibility
 u - a potion of agility
Comestibles
 g - 8 bread rations
 n - 40 fruits


   Skills:
 * Level 8.6 Fighting
 * Level 11.1 Short Blades
 * Level 11.1 Throwing
 + Level 5.2 Armour
 * Level 13.8 Dodging
 * Level 15.4 Stealth
 + Level 6.6 Invocations


You had 9 spell levels left.
You didn't know any spells.

Dungeon Overview and Level Annotations

Branches:
Dungeon (1/1)

Altars:
Ashenzari
Cheibriados
Dithmenos
Elyvilon
Fedhas
Kikubaaqudgha
Makhleb
Nemelex Xobeh
Okawaru
Ru
Sif Muna
Trog
Vehumet
Xom
Yredelemnul
Zin
The Shining One
Beogh
Jiyva
Lugonu

Annotations:
D Purgy


Innate Abilities, Weirdness & Mutations

You are tiny and cannot use many weapons and most armour.
You have supernaturally acute eyesight.
You are a herbivore.
You cover ground extremely quickly.
You need consume almost no food.


Message History

The molten gargoyle is moderately damaged.
The molten gargoyle completely misses you.
You hit the molten gargoyle but do no damage.
The molten gargoyle is moderately damaged.
You hit the molten gargoyle.
The molten gargoyle is heavily damaged.
You hit the molten gargoyle but do no damage.
The molten gargoyle is heavily damaged.
You hit the molten gargoyle but do no damage.
The molten gargoyle is heavily damaged.
The molten gargoyle blasts magma at you!
The bolt of magma hits you!
* * * LOW HITPOINT WARNING * * *
You hit the molten gargoyle.
The molten gargoyle is heavily damaged.
You puncture the molten gargoyle!
The molten gargoyle is severely damaged.
The molten gargoyle blasts magma at you!
The bolt of magma hits you!
You die...

______# ______#
##+##############++######
)+.+%.##................#
)#.#?(##......#..#......#
##+#####................+
...))..'................+
##+#####......#..#......#
#..#[[##........@9......#
+.)#))#####'#####''######
####))##.......##''# ##### ####
#..#))##.......##÷.###)..###..+
#..#..##.......##...##...##..##
#).#+###...<...###...##+##..##
......##.......# ##..........##
......##.......###§.###'###...#
########.......##§§##.....##..#


You could see a molten gargoyle.

Vanquished Creatures
  An eidolon (D)
  Erica (D)
  An elephant (D)
  2 orange demons (D)
  A molten gargoyle (D)
  A hellwing (D)
  A komodo dragon (D)
  A freezing wraith (D)
  A redback (D)
  A steam dragon (D)
  Edmund (D)
  An ice beast (D)
  A necrophage (D)
  A small abomination (D)
  A centaur (D)
  2 brain worms (D)
  A gnoll sergeant (D)
  A wight (D)
  2 hounds (D)
  Crazy Yiuf (D)
  5 gnolls (D)
  An adder (D)
  2 giant eyeballs (D)
  A giant gecko (D)
  An orc (D)
  A goblin (D)
  A hobgoblin (D)
  5 jackals (D)
  A giant newt (D)
  2 rats (D)
43 creatures vanquished.

Notes
Turn   | Place    | Note
--------------------------------------------------------------
     0 | D        | Kidiri the Spriggan Assassin began the quest for the Orb.
     0 | D        | Reached XP level 1. HP: 10/10 MP: 2/2
    14 | D        | Noticed a komodo dragon
    32 | D        | Noticed a brain worm
    35 | D        | Killed a brain worm
    35 | D        | Reached skill level 1 in Armour
    35 | D        | Reached skill level 7 in Stealth
    35 | D        | Reached XP level 2. HP: 13/16 MP: 3/3
    35 | D        | Reached XP level 3. HP: 16/20 MP: 4/4
    46 | D        | Found a sacrificial altar of Ru.
    46 | D        | Found a basalt altar of Yredelemnul.
    46 | D        | Found a shadowy altar of Dithmenos.
    46 | D        | Found a deep blue altar of Sif Muna.
    46 | D        | Found a burning altar of Makhleb.
    46 | D        | Found a shimmering altar of Xom.
    46 | D        | Found an ancient bone altar of Kikubaaqudgha.
    46 | D        | Found a sparkling altar of Nemelex Xobeh.
    47 | D        | Found a glowing golden altar of the Shining One.
    47 | D        | Found a bloodstained altar of Trog.
    47 | D        | Found a shattered altar of Ashenzari.
    47 | D        | Found a white marble altar of Elyvilon.
    47 | D        | Found a snail-covered altar of Cheibriados.
    47 | D        | Found a blossoming altar of Fedhas.
    47 | D        | Found a radiant altar of Vehumet.
    47 | D        | Found a glowing silver altar of Zin.
    47 | D        | Found a corrupted altar of Lugonu.
    47 | D        | Found a viscous altar of Jiyva.
    47 | D        | Found a roughly hewn altar of Beogh.
    47 | D        | Found an iron altar of Okawaru.
    50 | D        | Became a worshipper of Dithmenos the Shadowed
   120 | D        | Reached XP level 4. HP: 24/24 MP: 5/5
   229 | D        | Paralysed by a giant eyeball for 4 turns
   231 | D        | Noticed a brain worm
   238 | D        | Paralysed by a giant eyeball for 2 turns
   245 | D        | Paralysed by a giant eyeball for 3 turns
   257 | D        | Killed a brain worm
   257 | D        | Reached skill level 5 in Dodging
   257 | D        | Reached skill level 8 in Stealth
   257 | D        | Reached skill level 1 in Invocations
   258 | D        | Paralysed by a giant eyeball for 4 turns
   265 | D        | Paralysed by a giant eyeball for 4 turns
   273 | D        | Acquired Dithmenos's first power
   273 | D        | Reached XP level 5. HP: 22/29 MP: 6/6
   372 | D        | Reached skill level 5 in Short Blades
   372 | D        | Reached skill level 5 in Throwing
   386 | D        | Acquired Dithmenos's second power
   386 | D        | Reached skill level 9 in Stealth
   551 | D        | Noticed a hound
   552 | D        | Noticed a hound
   552 | D        | Noticed Edmund
   600 | D        | Killed Edmund
   600 | D        | Reached skill level 10 in Stealth
   600 | D        | Reached XP level 6. HP: 32/34 MP: 8/8
   613 | D        | Killed a hound
   617 | D        | Acquired Dithmenos's third power
   709 | D        | Noticed a gnoll sergeant
   719 | D        | Killed a gnoll sergeant
   719 | D        | Reached skill level 5 in Fighting
   720 | D        | Noticed a necrophage
   748 | D        | Killed a necrophage
   748 | D        | Reached skill level 11 in Stealth
   765 | D        | Killed a hound
   765 | D        | Acquired Dithmenos's fourth power
   765 | D        | Reached XP level 7. HP: 22/38 MP: 10/10
   911 | D        | Noticed an ice beast
   913 | D        | Killed an ice beast
   915 | D        | Noticed an orange demon
   917 | D        | Killed an orange demon
   917 | D        | Reached skill level 10 in Dodging
   917 | D        | Reached skill level 12 in Stealth
   919 | D        | Noticed a centaur
   919 | D        | Noticed Crazy Yiuf
   919 | D        | Noticed a wight
   921 | D        | Killed a wight
   923 | D        | Killed Crazy Yiuf
   923 | D        | Reached XP level 8. HP: 41/43 MP: 10/12
   925 | D        | Killed a centaur
   925 | D        | Paralysed by a giant eyeball for 4 turns
  1065 | D        | Noticed a redback
  1065 | D        | Noticed an elephant
  1084 | D        | Killed a redback
  1123 | D        | Killed an elephant
  1123 | D        | Reached skill level 13 in Stealth
  1123 | D        | Reached skill level 5 in Invocations
  1472 | D        | Noticed a molten gargoyle
  1474 | D        | Killed a molten gargoyle
  1494 | D        | Killed a komodo dragon
  1494 | D        | Reached XP level 9. HP: 16/50 MP: 9/14
  1730 | D        | Noticed an orange demon
  1730 | D        | Noticed a steam dragon
  1732 | D        | Killed an orange demon
  1732 | D        | Reached skill level 14 in Stealth
  1733 | D        | Killed a steam dragon
  1733 | D        | Reached skill level 10 in Throwing
  1742 | D        | Noticed a hellwing
  1744 | D        | Noticed an eidolon
  1745 | D        | Killed a hellwing
  1745 | D        | Reached skill level 10 in Short Blades
  1747 | D        | Killed an eidolon
  1747 | D        | Reached skill level 5 in Armour
  1835 | D        | Noticed Erica
  1835 | D        | Noticed a freezing wraith
  1838 | D        | Killed Erica
  1838 | D        | Reached skill level 15 in Stealth
  1838 | D        | Reached XP level 10. HP: 55/57 MP: 15/15
  1839 | D        | Killed a freezing wraith
  1853 | D        | Noticed a molten gargoyle
  1853 | D        | Noticed Purgy
  1853 | D        | Noticed a small abomination
  1900 | D        | Killed a small abomination
  1915 | D        | Killed from afar by a molten gargoyle

Vault maps used:
D:        pitsprint

Action                   |  1- 3 |  4- 6 |  7- 9 | 10-12 || total
-------------------------+-------+-------+-------+-------++-------
Melee: Dagger            |     4 |   104 |    37 |    24 ||   169
 Fire: Blowgun           |       |    17 |     3 |     3 ||    23
Invok: Shadow Step       |       |       |     5 |     1 ||     6
  Use: Potion            |       |     1 |     1 |     3 ||     5
 Stab: Sleeping          |     4 |       |    12 |     1 ||    17
